Match 21930153
Unlisted

Match 21930153
End
Construct Infanterie Kompanie
Grenadier Squad
Grenadier Squad
Grenadier Squad
Construct Panzergrenadier Kompanie
Selects Luftwaffe Battlegroup
Selects Luftwaffe Pioneer Support
Selects Reconnaissance Run
Pak 40 Anti-tank Gun Team
Selects Fallschirmjäger Squad Paradrop
Medical Station
Fallschirmjäger Squad Paradrop
MG 42 Machine Gun Team
Construct Panzer Kompanie
Selects Stuka Loiter
Stuka Loiter
Pak 40 Anti-tank Gun Team
Panzer IV Medium Tank
Selects LG40 Recoilless Gun Paradrop
Selects Flak 36 Anti-tank Gun Emplacement
Pioneer Squad
Stoßtruppen Squad
Stuka Loiter
Stoßtruppen Squad
251 Medium Carrier
Stuka Loiter
Panzer IV Medium Tank
Stoßtruppen Squad
Sturmpanzer IV Brummbär
Sturmpanzer IV Brummbär
Stuka Loiter
Reconnaissance Run
Pioneer Squad
Pak 40 Anti-tank Gun Team
Pak 40 Anti-tank Gun Team
Reconnaissance Run
Reconnaissance Run
Reconnaissance Run
Panzergrenadier Officer Quarters
Fallschirmpioneer Squad Paradrop
kerem
kuzu1
Emir Solmaz
crywo1f
Lomma
[LTD] Charette
0
0

Comments sign in to comment!

No comments posted yet!